 Dungeon Crawl Stone Soup version 0.30-a0-777-ga9a30cbeda (webtiles) character file.

Game seed: 1249409539888091694

320871 browni3141 the Demonic Catastrophe (level 20, -7/163 HPs)
             Began as a Demonspawn Conjurer on Feb 13, 2023.
             Was an Elder of Qazlal.
             Mangled by a titanic slime creature (78 damage)
             ... on level 2 of the Pits of Slime.
             The game lasted 02:21:51 (44036 turns).

browni3141 the Demonic Catastrophe (DsCj)          Turns: 44036, Time: 02:21:52

Health: -7/163     AC: 26    Str: 16    XL:     20   Next: 63%
Magic:  34/36      EV:  8    Int: 31    God:    Qazlal [****..]
Gold:   633        SH: 15    Dex: 20    Spells: 17/23 levels left

rFire   + . .      SeeInvis .      - Unarmed
rCold   + . .      Faith    +    V - +0 kite shield
rNeg    . . .      Spirit   .    A - +10 plate armour of Slovenliness {Regen+ Str+3 Int+4}
rPois   .          Reflect  .    J - +2 hat
rElec   +          Harm     .    u - scarf {rC+ rF+}
rCorr   +          Rampage  .    (gloves unavailable)
Will    ++...                    (boots unavailable) Stlth
                                 E - amulet of the Chupacabra {Faith rCorr}
HPRegen 1.27/turn                D - ring of Xitibuf {Will+ Str+2 Dex+6}
MPRegen 0.25/turn                O - ring "Itecvuir" {rElec rCorr Int+4}

@: very slightly contaminated, studying 2 skills, repel missiles, corroded
A: claws 3, hooves 3, horns 2, ignite blood 2, demonic magic 2
}: 2/15 runes: barnacled, gossamer
a: Renounce Religion, Upheaval, Elemental Force


You were on level 2 of the Pits of Slime.
You worshipped Qazlal.
Qazlal was greatly pleased with you.
You visited 8 branches of the dungeon, and saw 36 of its levels.
You visited the Abyss 1 time.
You also visited: Gauntlet, Volcano and Desolation.

You collected 5151 gold pieces.
You spent 4518 gold pieces at shops.

Inventory:

Missiles
 g - 63 poisoned darts
 q - 6 curare-tipped darts
 M - a throwing net
Armour
 u - a scarf of resistance (worn)
 A - the +10 plate armour of Slovenliness (worn) {Regen+ Str+3 Int+4}
   (You acquired it on level 8 of the Dungeon)

   Str:       It affects your strength (+3).
   Int:       It affects your intelligence (+4).
   Regen:     It increases your rate of health regeneration.
 J - a +2 hat (worn)
 V - a +0 kite shield (worn)
Jewellery
 h - the ring of Suspicion {rPois Str-3 Int+6 Dex+5}
   (You found it in the Desolation of Salt)

   [ring of intelligence]

   Str:       It affects your strength (-3).
   Int:       It affects your intelligence (+6).
   Dex:       It affects your dexterity (+5).
   rPois:     It protects you from poison.
 n - a ring of fire
 s - a ring of the Octopus King {Fly HP+2 AC+2 EV+2 SH+2}
   (You bought it in a shop on level 2 of the Orcish Mines)

   [ring of flight]

   AC:        It affects your AC (+2).
   EV:        It affects your evasion (+2).
   HP:        It affects your health (+2).
   Fly:       It grants you flight.
   SH:        It affects your SH (+2).
 v - the ring "Muatagoti" {+Blink rF+ MP+9 Dex-5}
   (You found it in a Gauntlet)

   [ring of magical power]

   Dex:       It affects your dexterity (-5).
   rF:        It protects you from fire.
   MP:        It affects your magic capacity (+9).
   +Blink:    It lets you blink.
 x - a ring of positive energy
 D - the ring of Xitibuf (left claw) {Will+ Str+2 Dex+6}
   (You took it off a servant of whispers in the Desolation of Salt)

   [ring of willpower]

   Str:       It affects your strength (+2).
   Dex:       It affects your dexterity (+6).
   Will:      It increases your willpower.
 E - the amulet of the Chupacabra (around neck) {Faith rCorr}
   (You found it in the Desolation of Salt)

   [amulet of faith]

   It allows you to gain divine favour quickly.
   rCorr:     It protects you from acid and corrosion.
 N - a +6 ring of strength
 O - the ring "Itecvuir" (right claw) {rElec rCorr Int+4}
   (You acquired it on level 3 of the Shoals)

   [ring of resist corrosion]

   Int:       It affects your intelligence (+4).
   rElec:     It insulates you from electricity.
   rCorr:     It protects you from acid and corrosion.
 Q - an amulet of reflection
 T - the ring "Ymekyafa" {rN+ Will+}
   (You took it off a deep elf sorcerer on level 3 of the Elven Halls)

   [ring of willpower]

   rN:        It protects you from negative energy.
   Will:      It increases your willpower.
 W - a ring of see invisible
Wands
 f - a wand of light (6)
 r - a wand of mindburst (16)
 H - a wand of charming (21)
 R - a wand of digging (3)
Scrolls
 a - 8 scrolls of magic mapping
 j - 11 scrolls of poison
 l - 14 scrolls of teleportation
 m - 4 scrolls of blinking
 z - 4 scrolls of immolation
 B - 7 scrolls of fear
 C - 5 scrolls of fog
 G - a scroll of silence
 L - 6 scrolls of vulnerability
 P - 6 scrolls of enchant armour
 S - 3 scrolls of torment
Potions
 c - 11 potions of curing
 e - 5 potions of mutation
 i - 3 potions of berserk rage
 k - 2 potions of heal wounds
 o - 9 potions of attraction
 p - 4 potions of might
 t - 6 potions of ambrosia
 w - 5 potions of invisibility
 y - 2 potions of magic
 F - 3 potions of haste
 I - 5 potions of resistance
 K - 7 potions of lignification
 X - 2 potions of cancellation
 Y - 3 potions of brilliance
Miscellaneous
 b - a tin of tremorstones (2/2)
 d - a box of beasts
 U - a condenser vane
 Z - a phial of floods


   Skills:
 + Level 15.6 Fighting
 * Level 18.5 Armour
 + Level 7.6 Dodging
 - Level 1.7 Stealth
 * Level 2.0 Shields
 + Level 16.6 Unarmed Combat
 - Level 2.0 Spellcasting
 - Level 6.0 Conjurations
 - Level 2.0 Hexes
 * Level 25.7 Invocations
 - Level 5.0 Evocations


You had 17 spell levels left.
You knew the following spells:

 Your Spells              Type           Power      Damage    Failure   Level
a - Magic Dart            Conj           100%       1d8       28%         1
b - Searing Ray           Conj           80%        2d7       38%         2
c - Dazzling Flash        Conj/Hex       54%        N/A       88%         3

Your spell library contained the following spells:

 Spells                   Type           Power      Damage    Failure   Level
 Kiss of Death            Conj/Necr      84%        2d11      67%         1
 Slow                     Hex            60%        N/A       82%         1
 Hailstorm                Conj/Ice       21%        3d6       96%         3
 Stone Arrow              Conj/Erth      42%        3d9       96%         3
 Apportation              Tloc           6%         N/A       97%         1
 Necrotise                Necr           12%        1d4       97%         1
 Sting                    Tmut/Pois      12%        1d3       97%         1
 Summon Small Mammal      Summ           12%        N/A       97%         1
 Ensorcelled Hibernation  Hex/Ice        18%        N/A       97%         2
 Blink                    Tloc           6%         N/A       99%         2
 Call Imp                 Summ           3%         N/A       99%         2
 Cigotuvi's Dreadful Rot  Necr/Pois/Air  6%         N/A       99%         2
 Lesser Beckoning         Tloc           6%         N/A       99%         2
 Passwall                 Tmut/Erth      2%         N/A       99%         2
 Poisonous Vapours        Pois/Air       6%         N/A       99%         2
 Scorch                   Fire           6%         2d5       99%         2
 Sublimation of Blood     Necr           3%         N/A       99%         2
 Wereblood                Tmut           3%         N/A       99%         2
 Confusing Touch          Hex            15%        N/A       99%         3
 Mephitic Cloud           Conj/Pois/Air  15%        N/A       99%         3
 Tukima's Dance           Hex            15%        N/A       99%         3
 Fulminant Prism          Conj/Hex       13%        3d9       99%         4
 Call Canine Familiar     Summ           3%         N/A       100%        3
 Frozen Ramparts          Ice            6%         1d1       100%        3
 Gell's Gravitas          Tloc           3%         N/A       100%        3
 Inner Flame              Hex/Fire       9%         N/A       100%        3
 Portal Projectile        Hex/Tloc       18%        N/A       100%        3
 Spider Form              Tmut/Pois      3%         N/A       100%        3
 Summon Guardian Golem    Hex/Summ       9%         N/A       100%        3
 Teleport Other           Tloc           3%         N/A       100%        3
 Vampiric Draining        Necr           3%         2d6       100%        3
 Anguish                  Hex/Necr       4%         N/A       100%        4
 Animate Armour           Summ/Erth      6%         N/A       100%        4
 Dispel Undead            Necr           3%         3d7       100%        4
 Flame Wave               Conj/Fire      21%        2d8       100%        4
 Ice Form                 Ice/Tmut       3%         N/A       100%        4
 Iskenderun's Mystic Bla  Conj/Tloc      21%        2d6       100%        4
 Leda's Liquefaction      Hex/Erth       4%         N/A       100%        4
 Manifold Assault         Tloc           3%         N/A       100%        4
 Passage of Golubria      Tloc           3%         N/A       100%        4
 Petrify                  Tmut/Erth      3%         N/A       100%        4
 Sticky Flame             Conj/Fire      21%        2d4       100%        4
 Summon Ice Beast         Ice/Summ       3%         N/A       100%        4
 Alistair's Intoxication  Tmut/Pois      2%         N/A       100%        5
 Blade Hands              Tmut           1%         N/A       100%        5
 Borgnjor's Vile Clutch   Necr/Erth      1%         N/A       100%        5
 Fireball                 Conj/Fire      10%        3d6       100%        5
 Freezing Cloud           Conj/Ice/Air   7%         6-21      100%        5
 Irradiate                Conj/Tmut      10%        3d15      100%        5
 Iskenderun's Battlesphe  Conj           40%        2d9       100%        5
 Lee's Rapid Deconstruct  Erth           1%         3d4*      100%        5
 Metabolic Englaciation   Hex/Ice        4%         N/A       100%        5
 Summon Forest            Summ/Tloc      1%         N/A       100%        5
 Summon Mana Viper        Hex/Summ       9%         N/A       100%        5
 Yara's Violent Unravell  Hex/Tmut       4%         3d4       100%        5
 Conjure Ball Lightning   Conj/Air       10%        3x3d6     100%        6
 Death Channel            Necr           1%         N/A       100%        6
 Eringya's Noxious Bog    Tmut/Pois      1%         N/A       100%        6
 Simulacrum               Ice/Necr       1%         N/A       100%        6
 Statue Form              Tmut/Erth      2%         N/A       100%        6
 Summon Cactus Giant      Summ           1%         N/A       100%        6
 Enfeeble                 Hex            7%         N/A       100%        7
 Malign Gateway           Summ/Tloc      1%         N/A       100%        7
 Monstrous Menagerie      Summ           1%         N/A       100%        7
 Orb of Destruction       Conj           20%        9d8       100%        7
 Storm Form               Tmut/Air       1%         N/A       100%        7
 Summon Hydra             Summ           1%         N/A       100%        7
 Borgnjor's Revivificati  Necr           1%         N/A       100%        8
 Disjunction              Tloc           1%         N/A       100%        8
 Infestation              Necr           1%         N/A       100%        8
 Summon Horrible Things   Summ           1%         N/A       100%        8
 Polar Vortex             Ice            1%         N/A       100%        9
 Shatter                  Erth           1%         3d6*      100%        9


Dungeon Overview and Level Annotations

Branches:
Dungeon (15/15)            Temple (1/1) D:4            Lair (5/5) D:9
 Shoals (4/4) Lair:3       Spider (4/4) Lair:2        Slime (2/5) Lair:4
    Orc (2/2) D:12            Elf (3/3) Orc:2        Vaults (0/5) D:13
 Depths (0/4) D:15        Volcano (visited)         Desolation (visited)
Gauntlet (visited)

Altars:
Ashenzari
Cheibriados
Dithmenos
Gozag
Kikubaaqudgha
Qazlal
Ru
Vehumet
Xom
Yredelemnul
Jiyva

Shops:
D:15 !!(   Orc:1 ?   Orc:2 ((=:   Elf:2 ?(:[*   Shoals:1 *

Annotations:
Lair:1 2 transporters, bakla's ghost, journeyman DsHs
Lair:3 exclusion: ice statue
Elf:2 3 runed translucent doors


Innate Abilities, Weirdness & Mutations

You have claws for hands.
You have hooves in place of feet.
You have a pair of horns on your head.
Your demonic aura often causes spilled blood to erupt in flames.
Spells you cast may paralyse nearby enemies.


Message History

The large slime creature hits you but does no damage.
The slime creature hits you but does no damage.
You claw the large slime creature! You kick the large slime creature.
Your headbutt misses the large slime creature.
The large slime creature is severely wounded.
The large slime creature is engulfed in freezing vapours.
A large slime creature splits.
The slime creature hits you but does no damage.
You barely miss the slime creature.
You kick the slime creature, but do no damage.
The slime creature is severely wounded.
The slime creature hits you but does no damage.
You block the slime creature's attack.
Two slime creatures merge to form a titanic slime creature.
You claw the slime creature! You kick the slime creature.
You kill the slime creature!
Qazlal accepts your kill. The slime creature hits you!
You mangle the titanic slime creature!!
You kick the titanic slime creature, but do no damage.
The titanic slime creature is moderately wounded.
The slime creature hits you but does no damage.
Press: ? - help, v - describe, . - travel The floor, spattered with blood.
You claw the titanic slime creature! You kick the titanic slime creature.
The titanic slime creature is moderately wounded.
You claw the titanic slime creature!
You headbutt the titanic slime creature!
The titanic slime creature is moderately wounded.
The titanic slime creature is engulfed in blazing flames.
The titanic slime creature hits you!!!!
Ouch! That really hurt!
The slime creature is engulfed in blazing flames.
You block the slime creature's attack.
Acid dripping from the walls corrodes you.
The slime creature is engulfed in blazing flames.
The titanic slime creature is engulfed in blazing flames.
The titanic slime creature attacks as you move away!
The titanic slime creature hits you!!!!
You die...

#.....#...#.......
#.......#. .......
.#........# .#.....
..........##.......
..<................
...................
#.....<..>§......
#.........☼..#..
##.....#.@J.##
##....##.J☼#
##..##..§○### #...
#......#
##......#.........
##..#.##.#....#..
#.### ...##...# #..
...## #.#.. #.
#.### #...


You could see a titanic slime creature and a slime creature.

Vanquished Creatures
  Mara (Shoals:3)
  Nikola (Elf:3)
  A bone dragon (Abyss:2)
  Jorgrun (D:12)
  Mlioglotl (Shoals:3)
  3 acid blobs
  2 deep elf blademasters (Elf:3)
  An Executioner (Abyss:4)
  A deep elf master archer (Elf:3)
  Gastronok (Lair:2)
  Polyphemus (Shoals:4)
  Kirke (Spider:3)
  A tentacled starspawn (Abyss:2)
  A rockslime (Lair:4)
  2 azure jellies (Slime:1)
  Ilsuiw (Shoals:2)
  Roxanne (Spider:3)
  10 emperor scorpions
  7 deep elf sorcerers
  A frost giant (Shoals:4)
  Aizul (Elf:1)
  2 ghost moths
  4 imperial myrmidons (Desolation)
  2 quicksilver oozes (Slime:1)
  2 broodmothers
  A cacodemon (Abyss:2)
  3 deep elf elementalists (Elf:3)
  A vampire knight (D:13)
  An ophan (Abyss:2)
  3 deep elf annihilators (Elf:3)
  Nessos (Lair:3)
  6 deep elf demonologists
  A minotaur (Gauntlet)
  2 deep elf death magi (Elf:3)
  5 spark wasps
  2 crystal guardians (Desolation)
  6 merfolk javelineers
  7 merfolk impalers
  2 deep elf high priests (Elf:3)
  8 ragged hierophants (Desolation)
  2 fire dragons
  The ghost of themarg the Severer, a journeyman HOFi of Makhleb (D:11)
  An entropy weaver (Spider:3)
  Erolcha (D:9)
  13 servants of whispers (Desolation)
  2 catoblepae
  4 vault guards (D:13)
  6 peacekeepers (Desolation)
  A rakshasa (D:15)
  A radroach (Spider:4)
  5 hydras
  2 alligator snapping turtles
  An ogre mage (D:15)
  3 jorogumos
  13 two-headed ogres
  A ghost crab (Gauntlet)
  6 centaur warriors
  A death knight (D:15)
  11 death yaks
  2 merfolk avatars (Shoals:4)
  10 boulder beetles
  3 merfolk aquamancers
  2 satyrs
  The ghost of browni3141 the Insei, a novice MeTm of Makhleb (D:7)
  4 tengu warriors
  Urug (D:10)
  19 dancing weapons
  4 orc high priests
  2 wretched stars
  8 deep elf knights
  Amaemon (Lair:3)
  A sixfirhy (Abyss:2)
  8 skeletal warriors
  5 pharaoh ants
  2 skysharks
  A glowing orange brain (D:15)
  3 sun moths
  9 orb spiders
  14 deep elf archers
  The ghost of jimonade the Thaumaturge, a novice DjHW (D:7)
  10 steelbarb worms
  20 slime creatures
  Pikel (D:9)
  3 ironbound convokers (Desolation)
  6 sea snakes
  5 orc knights
  7 lindwurms
  22 deep elf zephyrmancers
  4 harpies
  30 wolf spiders
  28 deep elf pyromancers
  5 shining eyes
  16 ugly things
  12 manticores
  A worldbinder (Abyss:2)
  9 fauns
  7 orc sorcerers
  Maurice (D:10)
  8 elephants
  5 guardian serpents (Desolation)
  7 merfolk sirens
  9 demonic crawlers
  7 cyclopes
  4 smoke demons (Volcano)
  Joseph (D:10)
  An orange demon (Lair:3)
  7 black mambas
  2 moths of wrath
  10 torpor snails
  A molten gargoyle (Desolation)
  11 cane toads
  6 water nymphs
  A yaktaur (shapeshifter) (Elf:1)
  An efreet (D:15)
  2 kobold demonologists (D:14)
  2 rime drakes
  13 komodo dragons
  A freezing wraith (Lair:3)
  13 trolls
  5 large abominations
  19 merfolk
  5 wind drakes
  9 meliai
  67 saltlings (Desolation)
  4 tyrant leeches
  6 hornets (Lair:5)
  An ettin zombie (Abyss:4)
  6 polar bears
  14 blink frogs
  4 raiju (Abyss:4)
  21 tarantellas
  20 dream sheep
  13 snapping turtles
  15 water elementals
  24 jumping spiders
  2 shadows
  26 culicivoras
  2 wraiths
  4 ynoxinuls (Abyss:4)
  2 vampires
  8 air elementals
  9 fire elementals
  A human (Spider:3)
  3 wyverns
  3 golden eyes (Slime:1)
  Eustachio (D:4)
  4 basilisks
  A chaos spawn (Abyss:4)
  20 yaks
  8 steam dragons
  18 vampire mosquitoes
  A neqoxec (Abyss:4)
  Menkaure (D:6)
  41 redbacks
  4 swamp worms (Gauntlet)
  7 wargs
  9 water moccasins
  3 hell hounds (Volcano)
  5 ice beasts
  32 orc warriors
  2 black bears (D:8)
  3 sky beasts
  A small abomination (Abyss:2)
  12 ogres
  22 centaurs
  9 wolves (Lair:2)
  6 kobold brigands
  2 lemures (D:9)
  2 phantoms (D:4)
  A gnoll sergeant (D:5)
  11 bullfrogs
  6 earth elementals
  2 necrophages
  2 scorpions
  4 wights (D:8)
  17 killer bees
  6 electric eels
  2 howler monkeys
  A crimson imp (Abyss:2)
  A hound (D:4)
  4 jellies
  24 orc priests
  An iron imp (D:3)
  3 iguanas
  20 orc wizards
  14 gnolls
  7 adders
  3 white imps
  2 ufetubi
  A worm (D:2)
  4 dart slugs
  75 orcs
  6 ball pythons
  8 endoplasms
  4 giant cockroaches
  10 goblins
  5 hobgoblins
  41 kobolds
  6 quokkas
  6 bats
  6 frilled lizards
  A kobold (shapeshifter) (D:15)
  A rat (D:1)
1386 creatures vanquished.

Vanquished Creatures (collateral kills)
  A deep elf master archer (Elf:3)
  3 acid blobs (Slime:1)
  2 rockslimes (Slime:1)
  A quicksilver ooze (Slime:1)
  A starcursed mass (Abyss:4)
  2 merfolk impalers (Shoals:3)
  2 peacekeepers (Desolation)
  An alligator snapping turtle (Shoals:3)
  An ogre mage (D:15)
  A shining eye (Slime:1)
  A torpor snail (Spider:2)
  A demonic crawler (Spider:3)
  3 merfolk (Shoals:3)
  2 saltlings (Desolation)
  A tarantella (Spider:2)
  2 slime creatures (Slime:1)
  An ogre (Orc:1)
  A killer bee (D:10)
  An orc priest (Orc:1)
  An orc (Orc:1)
29 creatures vanquished.

Vanquished Creatures (others)
  A ragged hierophant (Desolation)
  2 deep elf pyromancers (Elf:1)
  A wolf spider (Spider:2)
  A manticore (Shoals:4)
  A storm dragon simulacrum (Abyss:2)
  A merfolk (Shoals:2)
  A saltling (Desolation)
  A water elemental (Shoals:2)
  A small abomination (Abyss:2)
  A killer bee (D:10)
  3 fungi
  A lurking horror (Abyss:2)
  73 plants
  4 starspawn tentacles (Shoals:3)
  6 withered plants (Desolation)
98 creatures vanquished.

Grand Total: 1513 creatures vanquished

Notes
Turn   | Place    | Note
-------+----------+-------------------------------------------
     0 | D:1      | browni3141 the Demonspawn Conjurer began the quest for the
                  | Orb.
     0 | D:1      | Reached XP level 1. HP: 13/13 MP: 3/3
   118 | D:1      | Reached skill level 1 in Fighting
   146 | D:1      | Discovered your monstrous ancestry.
   146 | D:1      | Gained mutation: You have sharp fingernails. [demonic
                  | ancestry]
   146 | D:1      | Reached XP level 2. HP: 7/21 MP: 0/5
   335 | D:1      | Found a faded altar of an unknown god.
   363 | D:1      | Got Plato's Omnibus of the Cemetery
   495 | D:1      | Gained mutation: You have a pair of small horns on your
                  | head. [demonic ancestry]
   495 | D:1      | Reached XP level 3. HP: 27/27 MP: 3/6
  1021 | D:2      | Reached skill level 5 in Conjurations
  1024 | D:2      | Learned a level 2 spell: Searing Ray
  1028 | D:2      | Learned a level 3 spell: Dazzling Flash
  1380 | D:2      | Gained mutation: You have large cloven feet. [demonic
                  | ancestry]
  1380 | D:2      | Reached XP level 4. HP: 33/33 MP: 3/7
  2125 | D:3      | Reached skill level 1 in Hexes
  2305 | D:3      | Found a stormy altar of Qazlal.
  2509 | D:3      | Became a worshipper of Qazlal Stormbringer
  3036 | D:3      | Found a snail-covered altar of Cheibriados.
  3046 | D:3      | Reached skill level 1 in Invocations
  3046 | D:3      | Gained mutation: You have very sharp fingernails. [demonic
                  | ancestry]
  3046 | D:3      | Reached XP level 5. HP: 25/38 MP: 1/8
  3180 | D:4      | Noticed a phantom
  3202 | D:4      | Killed a phantom
  3203 | D:4      | Reached skill level 1 in Unarmed Combat
  3203 | D:4      | Reached skill level 2 in Invocations
  3327 | D:4      | Found a shadowy altar of Dithmenos.
  3460 | D:4      | Noticed Eustachio
  3760 | D:4      | Noticed an ogre
  3766 | D:5      | Entered Level 5 of the Dungeon
  3807 | D:5      | Reached skill level 3 in Invocations
  3879 | D:5      | Reached XP level 6. HP: 34/44 MP: 4/9
  4113 | D:5      | Reached skill level 4 in Invocations
  4386 | D:5      | Reached XP level 7. HP: 31/50 MP: 10/10
  4668 | D:5      | Reached skill level 5 in Invocations
  4931 | D:5      | Found an ancient bone altar of Kikubaaqudgha.
  5275 | D:5      | Reached skill level 6 in Invocations
  5757 | D:6      | Gained mutation: Spells you cast may paralyse adjacent
                  | enemies. [demonic ancestry]
  5757 | D:6      | Reached XP level 8. HP: 56/56 MP: 6/13
  5828 | D:6      | Reached skill level 7 in Invocations
  5874 | D:6      | Reached skill level 5 in Unarmed Combat
  5981 | D:6      | Reached * piety under Qazlal
  6118 | D:6      | Reached skill level 8 in Invocations
  6185 | D:6      | Noticed Menkaure
  6191 | D:6      | Killed Menkaure
  6717 | D:7      | Found a runed translucent gate.
  6717 | D:7      | Found a runed translucent gate.
  6717 | D:7      | Found a runed translucent gate.
  6781 | D:7      | Noticed jimonade's ghost (novice DjHW)
  6781 | D:7      | Noticed browni3141's ghost (novice MeTm)
  6931 | D:7      | Reached skill level 9 in Invocations
  7344 | D:7      | Found a shimmering altar of Xom.
  7352 | D:7      | Found a shimmering altar of Xom.
  7370 | D:7      | Found a shimmering altar of Xom.
  7471 | D:7      | Found a shimmering altar of Xom.
  7474 | D:7      | Found a shimmering altar of Xom.
  7475 | D:7      | Found a shimmering altar of Xom.
  7608 | D:7      | Found an opulent altar of Gozag.
  7617 | D:7      | Gained mutation: Your demonic aura sometimes causes spilled
                  | blood to erupt in flames. [demonic ancestry]
  7617 | D:7      | Reached XP level 9. HP: 57/60 MP: 10/16
  7892 | D:7      | Found a basalt altar of Yredelemnul.
  8150 | D:8      | Reached skill level 10 in Invocations
  8583 | D:8      | Reached ** piety under Qazlal
  8646 | D:8      | Reached skill level 11 in Invocations
  9190 | D:8      | Noticed a two-headed ogre
  9218 | D:8      | Killed a two-headed ogre
  9219 | D:8      | Reached skill level 12 in Invocations
  9219 | D:8      | Gained mutation: Your demonic aura often causes spilled
                  | blood to erupt in flames. [demonic ancestry]
  9219 | D:8      | Reached XP level 10. HP: 62/67 MP: 11/19
 10035 | D:8      | Identified a scroll of acquirement
 10126 | D:8      | Acquired the +10 plate armour of Slovenliness {Regen+ Str+3
                  | Int+4}
 10182 | D:9      | Found a staircase to the Lair.
 10249 | D:9      | Reached skill level 1 in Armour
 10320 | D:9      | Found a sacrificial altar of Ru.
 10771 | D:9      | Noticed Pikel
 10795 | D:9      | Killed Pikel
 10922 | D:9      | Noticed Erolcha
 10929 | D:9      | Killed Erolcha
 11377 | D:10     | Entered Level 10 of the Dungeon
 11401 | D:10     | Noticed Joseph
 11424 | D:10     | Killed Joseph
 11425 | D:10     | Gained mutation: You have a pair of horns on your head.
                  | [demonic ancestry]
 11425 | D:10     | Reached XP level 11. HP: 69/78 MP: 20/20
 11470 | D:10     | Noticed a two-headed ogre
 11474 | D:10     | Killed a two-headed ogre
 11475 | D:10     | Reached skill level 5 in Fighting
 11475 | D:10     | Reached skill level 10 in Unarmed Combat
 11539 | D:10     | Noticed Maurice
 11547 | D:10     | Killed Maurice
 11610 | D:10     | Identified the +4 scale mail "Muasysis" {Will+}
 11789 | D:10     | Noticed Urug
 11803 | D:10     | Killed Urug
 11804 | D:10     | Reached skill level 5 in Armour
 12201 | D:10     | Identified the +6 short sword "Hydra's Curse" {holy, *Slow
                  | rElec rPois rCorr Int+3}
 12342 | D:10     | Noticed a two-headed ogre
 12351 | D:10     | Killed a two-headed ogre
 12677 | D:11     | Reached *** piety under Qazlal
 12884 | D:11     | Found a runed translucent gate.
 12884 | D:11     | Found a runed translucent gate.
 12884 | D:11     | Found a runed translucent gate.
 12884 | D:11     | Noticed themarg's ghost (journeyman HOFi)
 13067 | Lair:1   | Entered Level 1 of the Lair of Beasts
 13084 | Lair:1   | Found a transporter.
 13089 | Lair:1   | Found a transporter.
 13091 | Lair:1   | Noticed bakla's ghost (journeyman DsHs)
 13393 | Lair:1   | Reached XP level 12. HP: 66/91 MP: 21/21
 13934 | Lair:2   | Reached **** piety under Qazlal
 13956 | Lair:2   | Noticed a seven-headed hydra
 14157 | Lair:2   | Killed a seven-headed hydra
 14348 | Lair:2   | Reached skill level 13 in Invocations
 14461 | Lair:2   | Found a hole to the Spider Nest.
 14500 | Lair:2   | Noticed Gastronok
 14516 | Lair:2   | Killed Gastronok
 15012 | Lair:3   | Reached XP level 13. HP: 101/101 MP: 23/23
 15022 | Lair:3   | Reached skill level 14 in Invocations
 15138 | Lair:3   | Noticed Amaemon
 15141 | Lair:3   | Killed Amaemon
 15453 | Lair:3   | Noticed Nessos
 15456 | Lair:3   | Killed Nessos
 15626 | Lair:3   | Found a staircase to the Shoals.
 15928 | Lair:4   | Reached skill level 10 in Armour
 15928 | Lair:4   | Reached skill level 15 in Invocations
 16010 | Lair:4   | Reached skill level 10 in Fighting
 16032 | Lair:4   | Found a dark tunnel.
 16039 | Volcano  | Entered a volcano
 16296 | Volcano  | Noticed a fire dragon
 16303 | Volcano  | Killed a fire dragon
 16514 | Lair:4   | Reached skill level 16 in Invocations
 16514 | Lair:4   | Reached XP level 14. HP: 111/111 MP: 24/26
 16558 | Lair:4   | Found a staircase to the Slime Pits.
 16558 | Lair:4   | Found a viscous altar of Jiyva.
 17105 | Lair:5   | Entered Level 5 of the Lair of Beasts
 17651 | Lair:5   | Found a runed translucent door.
 17884 | Lair:5   | Paralysed by a hornet for 2 turns
 18674 | D:12     | Noticed Jorgrun
 18690 | D:12     | Killed Jorgrun
 18732 | D:12     | Found a staircase to the Orcish Mines.
 18769 | D:12     | Reached skill level 17 in Invocations
 18772 | D:12     | Reached ***** piety under Qazlal
 19085 | Orc:1    | Entered Level 1 of the Orcish Mines
 19085 | Orc:1    | Found Diobuxky's Magic Scroll Shoppe.
 19095 | Orc:1    | Bought a scroll of magic mapping for 97 gold pieces
 19761 | Orc:2    | Entered Level 2 of the Orcish Mines
 20074 | Orc:2    | Found a staircase to the Elven Halls.
 20549 | Orc:2    | Found Paqity's Book Emporium.
 20549 | Orc:2    | Found Foent's Jewellery Emporium.
 20550 | Orc:2    | Found Nodgh's Weapon Shop.
 20550 | Orc:2    | Found Qywedah's Weapon Shop.
 21020 | Orc:2    | Bought a ring of the Octopus King {Fly HP+2 AC+2 EV+2 SH+2}
                  | for 700 gold pieces
 21020 | Orc:2    | Found the ring of the Octopus King {Fly HP+2 AC+2 EV+2
                  | SH+2}
 21187 | D:11     | Killed themarg's ghost
 21188 | D:11     | Gained mutation: You have claws for hands. [demonic
                  | ancestry]
 21188 | D:11     | Reached XP level 15. HP: 119/119 MP: 27/27
 21382 | D:7      | Killed browni3141's ghost
 21404 | D:7      | Killed jimonade's ghost
 21405 | D:7      | Reached skill level 18 in Invocations
 21760 | D:4      | Found a staircase to the Ecumenical Temple.
 21764 | D:4      | Killed Eustachio
 22140 | Temple   | Entered the Ecumenical Temple
 22515 | D:13     | Found a gate to the Vaults.
 22826 | D:13     | Found a gate leading to a gauntlet.
 22831 | Gauntlet | Entered a Gauntlet
 22831 | Gauntlet | Found a transporter.
 22840 | Gauntlet | Found a transporter.
 22861 | Gauntlet | Found a transporter.
 22861 | Gauntlet | Found a transporter.
 22882 | Gauntlet | Found a transporter.
 22895 | Gauntlet | Found a transporter.
 22905 | Gauntlet | Found a transporter.
 22935 | Gauntlet | Found a transporter.
 22936 | Gauntlet | Found a transporter.
 22942 | Gauntlet | Found a transporter.
 22963 | Gauntlet | Found a runed translucent door.
 22975 | Gauntlet | Found a transporter.
 22975 | Gauntlet | Found a transporter.
 23052 | Gauntlet | Identified the ring "Muatagoti" {+Blink rF+ MP+9 Dex-5}
 23084 | Gauntlet | Identified the +1 plate armour of Activism {Harm Str+2
                  | Stlth+}
 23115 | Gauntlet | Identified the +8 war axe of Dullness {heavy, Will+ rCorr
                  | Stlth+}
 23537 | D:13     | Acquired a ring of poison resistance
 23538 | D:13     | Acquired 712 gold pieces
 24144 | D:14     | Found a broken altar of Ashenzari.
 24229 | D:14     | Reached skill level 19 in Invocations
 24306 | D:14     | Reached ****** piety under Qazlal
 24717 | D:15     | Entered Level 15 of the Dungeon
 24923 | D:15     | Reached XP level 16. HP: 118/127 MP: 29/29
 24992 | D:15     | Found Acvuhoam's Distillery.
 24996 | D:15     | Bought a potion of curing for 48 gold pieces
 24996 | D:15     | Bought a potion of lignification for 48 gold pieces
 24996 | D:15     | Bought a potion of curing for 48 gold pieces
 24996 | D:15     | Bought a potion of lignification for 48 gold pieces
 24996 | D:15     | Bought a potion of resistance for 160 gold pieces
 24996 | D:15     | Bought a potion of attraction for 48 gold pieces
 25145 | D:15     | Found Fiom's Distillery.
 25149 | D:15     | Bought a potion of cancellation for 96 gold pieces
 25149 | D:15     | Bought a potion of mutation for 96 gold pieces
 25149 | D:15     | Bought a potion of curing for 36 gold pieces
 25149 | D:15     | Bought a potion of resistance for 120 gold pieces
 25149 | D:15     | Bought a potion of lignification for 36 gold pieces
 25533 | D:15     | Found Unueham's Antique Weapon Emporium.
 25656 | D:15     | Found a staircase to the Depths.
 25944 | Spider:1 | Entered Level 1 of the Spider Nest
 25951 | Spider:1 | Reached skill level 20 in Invocations
 27581 | Spider:2 | Reached skill level 1 in Evocations
 27637 | Spider:2 | Reached skill level 21 in Invocations
 28327 | Spider:3 | Gained mutation: Spells you cast may paralyse nearby
                  | enemies. [demonic ancestry]
 28327 | Spider:3 | Reached XP level 17. HP: 114/136 MP: 31/31
 28973 | Spider:3 | Noticed Roxanne
 29005 | Spider:3 | Killed Roxanne
 29157 | Spider:4 | Entered Level 4 of the Spider Nest
 29170 | Spider:4 | Noticed Kirke
 29178 | Spider:4 | Reached skill level 15 in Armour
 29314 | Spider:3 | Killed Kirke
 29981 | Spider:4 | Reached skill level 5 in Evocations
 30516 | Spider:4 | Reached skill level 15 in Unarmed Combat
 30607 | Spider:4 | Reached skill level 22 in Invocations
 30940 | Spider:4 | Got a gossamer rune of Zot
 31177 | Shoals:1 | Entered Level 1 of the Shoals
 31309 | Shoals:1 | Found Riygepn's General Store.
 31322 | Shoals:1 | Bought a scroll of blinking for 127 gold pieces
 31322 | Shoals:1 | Bought 3 curare-tipped darts for 61 gold pieces
 31322 | Shoals:1 | Bought 2 potions of invisibility for 272 gold pieces
 31963 | Shoals:2 | Noticed Ilsuiw
 32039 | Shoals:2 | Killed Ilsuiw
 33011 | Shoals:3 | Gained mutation: You have hoof-like feet. [demonic
                  | ancestry]
 33011 | Shoals:3 | Reached XP level 18. HP: 109/145 MP: 19/33
 33107 | Shoals:3 | Identified the -2 helmet "Biowulas" {Harm Rampage rPois
                  | rC-}
 33508 | Shoals:3 | Noticed Mara
 33510 | Shoals:3 | Noticed browni3141's illusion
 33613 | Shoals:3 | Noticed browni3141's illusion
 33614 | Shoals:3 | Killed Mara
 33685 | Shoals:3 | Acquired the ring "Itecvuir" {rElec rCorr Int+4}
 34050 | Shoals:4 | Entered Level 4 of the Shoals
 34050 | Shoals:4 | Noticed Mlioglotl
 34050 | Shoals:4 | Found the +8 orange crystal plate armour {Archmagi, Int+3
                  | Clar}
 34053 | Shoals:4 | Noticed Polyphemus
 34075 | Shoals:3 | Killed Mlioglotl
 34208 | Shoals:4 | Killed Polyphemus
 34424 | Shoals:4 | Reached skill level 23 in Invocations
 34560 | Shoals:4 | Got a barnacled rune of Zot
 34727 | Shoals:4 | Found the +6 Majin-Bo {spellvamp, MP+6 Int+6}
 35727 | Elf:1    | Entered Level 1 of the Elven Halls
 35753 | Elf:1    | Found a radiant altar of Vehumet.
 35883 | Elf:1    | Found a crumbling gateway.
 35899 | Elf:1    | Noticed a Tzitzimitl
 35941 | Desolati | Entered the Desolation of Salt
 36050 | Desolati | Identified the +1 robe of Twilight {rPois rF+}
 36064 | Desolati | Reached skill level 5 in Dodging
 36120 | Desolati | Reached XP level 19. HP: 107/153 MP: 27/34
 36164 | Desolati | Got the Folio of the Chill
 36376 | Desolati | Identified the +4 quarterstaff of Yskichin {holy, rElec rN+
                  | Will- Dex+4}
 36618 | Desolati | Identified the ring of Xitibuf {Will+ Str+2 Dex+6}
 36741 | Desolati | Reached skill level 24 in Invocations
 36743 | Desolati | Got the Folio of Topological Fog
 36744 | Desolati | Identified the amulet of the Chupacabra {Faith rCorr}
 36833 | Desolati | Got the Guide on Ill Luck
 36990 | Desolati | Identified the +4 dagger of the Chain {pain, rN+}
 37107 | Desolati | Identified the ring of Suspicion {rPois Str-3 Int+6 Dex+5}
 37252 | Desolati | Identified the +1 scale mail of the Morning Star {rF++}
 37544 | Desolati | Got Sif Muna's Parchment of Putrescence
 38158 | Elf:1    | Noticed Aizul
 38175 | Elf:1    | Killed Aizul
 38384 | Abyss:2  | Cast into level 2 of the Abyss (a deep elf sorcerer)
 38897 | Abyss:2  | Noticed a bone dragon
 38901 | Abyss:2  | Gained mutation: You occasionally shout uncontrollably at
                  | your foes. [a cacodemon]
 38904 | Abyss:2  | Noticed a bone dragon
 38927 | Abyss:2  | Killed a bone dragon
 39089 | Elf:1    | Escaped the Abyss
 39468 | Elf:2    | Reached skill level 15 in Fighting
 39544 | Elf:2    | Paralysed by an air elemental for 1 turns
 39549 | Elf:2    | Paralysed by an air elemental for 1 turns
 39678 | Elf:2    | Found Qesar's Book Boutique.
 39681 | Elf:2    | Found Beasurch's Assorted Antiques.
 39681 | Elf:2    | Found Waga's Weapon Boutique.
 39686 | Elf:2    | Found Neub's Armour Shop.
 39693 | Elf:2    | Bought a potion of heal wounds for 190 gold pieces
 39693 | Elf:2    | Bought a pair of runed boots for 285 gold pieces
 39714 | Elf:2    | Found Rided's Magic Scroll Shop.
 39716 | Elf:2    | Paralysed by an air elemental for 1 turns
 39727 | Elf:2    | Bought a scroll of vulnerability for 56 gold pieces
 39727 | Elf:2    | Bought a scroll of magic mapping for 105 gold pieces
 39727 | Elf:2    | Bought a scroll of blinking for 105 gold pieces
 39727 | Elf:2    | Bought a scroll of immolation for 56 gold pieces
 39985 | Elf:2    | Found a runed translucent gate.
 39985 | Elf:2    | Found a runed translucent gate.
 39986 | Elf:2    | Found a runed translucent gate.
 40064 | Elf:3    | Entered Level 3 of the Elven Halls
 40156 | Elf:3    | Gained mutation: You have hooves in place of feet. [demonic
                  | ancestry]
 40156 | Elf:3    | Reached XP level 20. HP: 162/162 MP: 36/36
 40178 | Elf:3    | Paralysed by an air elemental for 1 turns
 40184 | Elf:3    | Reached skill level 25 in Invocations
 40197 | Elf:3    | Noticed Nikola
 40547 | Elf:3    | Paralysed by an air elemental for 1 turns
 40553 | Elf:3    | Killed Nikola
 40554 | Elf:3    | Paralysed by an air elemental for 1 turns
 40809 | Elf:3    | Got Lee's Elucidation of the Disturbing Stories
 41591 | Elf:3    | Identified the +5 quarterstaff "Boej" {vamp, rElec rF+
                  | Dex-2}
 41877 | Elf:3    | Identified the ring "Ymekyafa" {rN+ Will+}
 42035 | Elf:3    | Got Nesoec's Disquisition on Shades
 42038 | Elf:3    | Got the Catalogue of Unholy Contaminants
 42040 | Elf:3    | Got Vehih's Guidebook on Therianthropy
 42092 | Elf:3    | Found the +27 heavy crossbow "Sniper" {heavy, Acc+∞ SInv}
 42108 | Elf:3    | Got the Omnibus of Beguiling and Variation
 42114 | Elf:3    | Identified the +2 flail "Muil" {heavy, Dex+6}
 42481 | Slime:1  | Entered Level 1 of the Pits of Slime
 42486 | Slime:1  | Gained mutation: You occasionally lose the ability to read
                  | scrolls when taking damage. [a shining eye]
 42607 | Lair:4   | Lost mutation: You occasionally lose the ability to read
                  | scrolls when taking damage. [potion of mutation]
 42607 | Lair:4   | Lost mutation: You occasionally shout uncontrollably at
                  | your foes. [potion of mutation]
 42607 | Lair:4   | Gained mutation: You have hidden genetic defects. [potion
                  | of mutation]
 42607 | Lair:4   | Gained mutation: Your magical capacity is low. (-10% MP)
                  | [potion of mutation]
 42608 | Lair:4   | Lost mutation: Your magical capacity is low. (-10% MP)
                  | [potion of mutation]
 42608 | Lair:4   | Lost mutation: You have hidden genetic defects. [potion of
                  | mutation]
 42608 | Lair:4   | Gained mutation: You are weak. (Str -2) [potion of
                  | mutation]
 42608 | Lair:4   | Lost mutation: You are weak. (Str -2) [potion of mutation]
 43046 | Elf:2    | Bought a manual of Shields for 1680 gold pieces
 43829 | Slime:1  | Reached skill level 1 in Shields
 44036 | Slime:2  | Mangled by a titanic slime creature

Illustrated notes

Levels and vault maps discovered:
D:1:      shiori_arrival_oz, layout_rooms, shapermc_ecumenical_altar_rom_forum
D:2:      minmay_inner_zag, layout_loops_cross, basic_altar
D:3:      layout_loops_ring, grunt_qazlal_sundering, slow_altar_2,
          chequers_hall_statues_corner_a, minmay_close_crescents
D:4:      layout_loops_corners, grunt_dithmenos_smoke_and_mirrors,
          minmay_temple_entry_arrows, serial_glass, glass_columns_a,
          glass_columns_a, glass_columns_a, glass_columns_c, glass_columns_a,
          glass_columns_b, uniq_eustachio
D:5:      layout_basic, nicolae_kikubaaqudgha_miasma_corner
D:6:      layout_loops_ring, uniq_menkaure
D:7:      layout_basic, xom_shifter_show, mainiacjoe_overflow_tiny_flanked,
          nicolae_gozag_seed_capital, gammafunk_ghost_cemetery,
          kennysheep_generic_room_14
D:8:      layout_basic, minmay_checkerbox
D:9:      layout_grid_maze, nicolae_ru_sacrificial_ziggurat,
          erik_lair_orcish_takeover, hangedman_fish_farm, uniq_erolcha,
          uniq_pikel
D:10:     layout_cave_pods, amcnicky_altar_gilded, uniq_maurice, uniq_urug,
          uniq_joseph
D:11:     layout_gridville, ebering_ghost_rock_garden
D:12:     layout_rooms, david_orc_3, nicolae_tso_carved_into_rock, uniq_jorgrun
D:13:     layout_loops_cross, lightli_vaults_fourway_checkpoint,
          gauntlet_entry_generic, serial_glass, glass_columns_b,
          glass_columns_b, glass_columns_a, glass_columns_a, glass_columns_b,
          kennysheep_just_a_vault
D:14:     layout_grid_maze, nicolae_ashenzari_panopticon,
          kennysheep_generic_room_11
D:15:     gammafunk_enter_depths_forms, layout_loops_cross, serial_bayou,
          serial_bayou_lagoon_a, serial_bayou_shore_a, serial_bayou_pond_b,
          serial_bayou_pond_c, serial_shops, shop, nicolae_shop_crystal, shop
Temple:   nicolae_temple_figure_eight
Lair:1:   layout_cave_shapes, gammafunk_ghost_hive,
          chequers_serial_rivers_large_b, beast_lair_carwin_1,
          grunt_megastairs_4
Lair:2:   layout_gridlike, hellmonk_spider_entry_life_and_decay, uniq_gastronok
Lair:3:   layout_gridlike, minmay_shoals_entry_hut, ice2_lemuel, uniq_amaemon,
          uniq_nessos
Lair:4:   layout_regular_city, nicolae_slime_entry_slimehenge, enter_volcano_4,
          beast_lair_carwin_7
Lair:5:   wormcave, layout_long_grid
Shoals:1: layout_shoals, serial_shops, shop, nicolae_shoals_shepherds
Shoals:2: layout_shoals, nicolae_shoals_stone_sculpture_thing, uniq_ilsuiw
Shoals:3: layout_shoals, nicolae_shoals_lost_giant_amphitheater, uniq_mara
Shoals:4: shoals_end_grunt_ice, layout_shoals, uniq_polyphemus, uniq_mlioglotl
Spider:1: layout_cave_pods
Spider:2: layout_spider_delve
Spider:3: layout_cave_pods, nicolae_spider_cling_halls, uniq_roxanne
Spider:4: guppyfry_spider_rune, nicolae_spider_jagged_tunnels, uniq_kirke
Slime:1:  layout_caves, cheibrodos_slime_lost_civilization_7
Slime:2:  layout_caves
Orc:1:    nicolae_orc_accident_1, layout_caves, serial_shops, shop,
          minmay_orc_temple_c
Orc:2:    st_orc_elflike, layout_diamond_mine, nicolae_orc_lava_tube
Elf:1:    eino_elf_arrival_altar, layout_gridlike,
          portal_desolation_entry_nicolae_slug, minmay_elf_sorcery,
          grunt_megastairs_1, uniq_aizul
Elf:2:    elven_hall_of_blades_hangedman_original
          [nicolae_blade_entry_antechamber], layout_geoelf_octagon,
          serial_shops, shop, eino_tiny_chamber, minmay_shoptagon
Elf:3:    elf_hall_gauntlet_narrow, layout_geoelf_castle,
          nicolae_elf_loose_elemental_storage, uniq_nikola

Skill      XL: |  1  2  3  4  5  6  7  8  9 10 11 12 13 14 15 16 17 18 19 20 |
---------------+-------------------------------------------------------------+-----
Fighting       | 1 2 4 7 9 10 11 12 13 14 15 | 15.6
Conjurations   | 5 6 |  6.0
Hexes          | 2 |  2.0
Invocations    | 1 3 4 6 9 12 13 16 17 19 21 22 23 24 25 | 25.7
Unarmed Combat | 1 2 4 6 8 9 11 12 13 14 15 16 | 16.6
Armour         | 4 6 9 10 12 13 14 15 16 17 18 | 18.5
Evocations     | 3 5 |  5.0
Dodging        | 2 5 6 7 |  7.6
Shields        | 2 |  2.0
Stealth        | |  1.7
Spellcasting   | |  2.0

Action                     |  1- 3 |  4- 6 |  7- 9 | 10-12 | 13-15 | 16-18 | 19-21 || total
---------------------------+-------+-------+-------+-------+-------+-------+-------++-------
  Melee: Short sword       |    27 |     5 |       |       |       |       |       ||    32
         Kick              |       |    10 |    23 |   170 |    85 |       |   131 ||   419
         Headbutt          |       |     6 |    12 |   109 |   334 |   552 |   302 ||  1315
         Punch             |       |     1 |     2 |    37 |   118 |   242 |   122 ||   522
         Unarmed           |       |    35 |    63 |   532 |  1178 |  1742 |   973 ||  4523
   Cast: Magic Dart        |    69 |   100 |    89 |    10 |     9 |    59 |    71 ||   407
         Searing Ray       |     1 |     6 |    40 |     3 |       |       |       ||    50
         Dazzling Flash    |       |       |     3 |     1 |       |       |       ||     4
 Invoke: Upheaval          |       |       |     2 |     9 |    21 |    34 |    21 ||    87
         Elemental Force   |       |       |       |       |     2 |     3 |     6 ||    11
         Disaster Area     |       |       |       |       |       |     2 |     1 ||     3
  Evoke: Wand              |       |       |       |    32 |     8 |     4 |     1 ||    45
         Condenser vane    |       |       |       |       |     3 |     1 |     2 ||     6
    Use: Scroll            |     4 |       |       |    12 |    19 |     5 |     7 ||    47
         Potion            |       |       |     1 |     4 |       |    11 |    13 ||    29
   Stab: Sleeping          |     1 |       |       |       |       |       |       ||     1
         Paralysed         |       |       |    11 |     1 |     2 |     6 |     2 ||    22
         Confused          |       |       |       |       |    10 |       |       ||    10
         Invisible         |       |       |       |       |       |     7 |     8 ||    15
         Petrified         |       |       |       |       |       |     7 |       ||     7
         Distracted        |       |       |       |       |       |       |     1 ||     1
 Armour: Robe              |     7 |     8 |     3 |       |       |       |       ||    18
         Ring mail         |       |       |    30 |       |       |       |       ||    30
         Plate armour      |       |       |       |   508 |   697 |  1308 |   533 ||  3046
  Dodge: Dodged            |    20 |    45 |    57 |    82 |   164 |   556 |   259 ||  1183
         Repelled          |       |       |       |       |     6 |    11 |    11 ||    28
  Block: Other             |       |       |     6 |   175 |   580 |  1311 |   319 ||  2391
         Reflection        |       |       |       |       |    26 |    66 |    10 ||   102
         Kite shield       |       |       |       |       |       |       |    56 ||    56

Table legend: (Time is in decaauts)
 A = Elapsed time spent in this place.
 B = Non-inter-level travel time spent in this place.
 C = Inter-level travel time spent in this place.
 D = Time resting spent in this place.
 E = Time spent auto-exploring this place.
 F = Levels seen in this place.
 G = Mean time per level.
                   A        B        C        D        E       F      G
               +--------+--------+--------+--------+--------+-----+--------+
         Total |  43041 |  39058 |   3983 |   4209 |  26008 |  42 | 1024.8 |
       Dungeon |  18340 |  16401 |   1939 |    985 |  12648 |  15 | 1222.7 |
        Temple |      1 |      1 |      0 |      0 |      0 |   1 |    1.0 |
          Lair |   5562 |   4913 |    649 |    372 |   3444 |   5 | 1112.4 |
        Shoals |   4232 |   3946 |    286 |    243 |   2826 |   4 | 1058.0 |
   Spider Nest |   4958 |   4757 |    201 |    801 |   2731 |   4 | 1239.5 |
    Slime Pits |    710 |    690 |     20 |    131 |    372 |   2 |  355.0 |
  Orcish Mines |   2225 |   1749 |    476 |      0 |   1316 |   2 | 1112.5 |
   Elven Halls |   4126 |   3717 |    409 |    749 |   1892 |   3 | 1375.3 |
         Abyss |    651 |    651 |      0 |    459 |      0 |   3 |  217.0 |
       Volcano |    335 |    335 |      0 |      2 |    108 |   1 |  335.0 |
    Desolation |   1614 |   1614 |      0 |    461 |    510 |   1 | 1614.0 |
      Gauntlet |    282 |    282 |      0 |      4 |    161 |   1 |  282.0 |
               +--------+--------+--------+--------+--------+-----+--------+

Top non-repeatable levels by time:
   Elf:3: 2065 daAuts
     D:8: 1986 daAuts
     D:7: 1912 daAuts
     D:5: 1722 daAuts
Spider:3: 1714 daAuts
Desolation: 1614 daAuts
     D:9: 1475 daAuts
   Elf:1: 1446 daAuts
   Orc:2: 1436 daAuts
     D:3: 1429 daAuts
  Lair:4: 1298 daAuts
Spider:1: 1248 daAuts
  Lair:5: 1227 daAuts
Shoals:4: 1212 daAuts
Spider:4: 1194 daAuts
